 Dungeon Crawl Stone Soup version 0.18.1-50-g88ac8fd (webtiles) character file.

1375 Inkary the Cleaver (level 8, -4/60 HPs)
             Began as a Formicid Fighter on Sept 17, 2016.
             Was a Follower of Yredelemnul.
             Killed by divine providence
             ... invoked by an orc priest
              (13 damage)
             ... on level 6 of the Dungeon.
             The game lasted 00:14:46 (7098 turns).

Inkary the Cleaver (Formicid Fighter)               Turns: 7098, Time: 00:14:47

Health: -4/60      AC:  8    Str: 23    XL:     8   Next: 98%
Magic:  7/8        EV:  8    Int:  8    God:    Yredelemnul [*.....]
Gold:   258        SH: 10    Dex: 10    Spells: 0 memorised, 7 levels left

rFire  . . .     SeeInvis +     a - +0 war axe
rCold  . . .     Gourm    .     b - +0 scale mail
rNeg   . . .     Faith    .     c - +0 shield
rPois  .         Spirit   .     (helmet unavailable)
rElec  .         Dismiss  .     u - +0 cloak
rCorr  .         Reflect  .     (no gloves)
SustAt +         Harm     .     (no boots)
MR     .....                    (no amulet)
Stlth  ..........               k - ring of teleportation (curse)
                                p - ring of sustain attributes

@: not resistant to hostile enchantments, extremely unstealthy
A: permanent stasis, dig shafts and tunnels, four strong arms, antennae 3
a: Dig, Shaft Self, Animate Remains, Renounce Religion


You were on level 6 of the Dungeon.
You worshipped Yredelemnul.
Yredelemnul was aware of your devotion.
You were not hungry.

You visited 1 branch of the dungeon, and saw 6 of its levels.

You collected 258 gold pieces.

Inventory:

Hand Weapons
 a - a +0 war axe (weapon)
Armour
 b - a +0 scale mail (worn)
 c - a +0 shield (worn)
 u - a +0 cloak (worn)
Jewellery
 k - a cursed ring of teleportation (right hand)
 p - a ring of sustain attributes (left hand)
Wands
 d - a wand of polymorph (19/24)
 I - a wand of random effects (30/48)
Scrolls
 e - 3 scrolls of amnesia {unknown}
 g - 4 scrolls of recharging {unknown}
 m - 4 scrolls of remove curse {unknown}
 n - 6 scrolls of magic mapping {unknown}
 o - 5 scrolls of teleportation {unknown}
 s - 2 scrolls of immolation {unknown}
 t - 8 scrolls of identify {unknown}
 w - 3 scrolls of enchant armour {unknown}
 y - a scroll of enchant weapon {unknown}
 H - a scroll of holy word {unknown}
Potions
 q - a potion of degeneration {unknown}
 r - 2 potions of agility
 v - a potion of cure mutation {unknown}
 x - a potion of curing {unknown}
 B - a potion of resistance {unknown}
 C - 3 potions of invisibility {unknown}
 F - a potion of heal wounds {unknown}
 G - a potion of might
Books
 z - a book of Unlife

   Spells                             Type                      Level
   a - Recall                         Summoning/Translocation      3
   b - Animate Dead                   Necromancy                   4
   c - Control Undead                 Necromancy                   4
   d - Cigotuvi's Embrace             Necromancy                   5
   e - Death Channel                  Necromancy                   6
   f - Simulacrum                     Ice/Necromancy               6
 A - a book of the Dragon

   Spells                             Type                      Level
   a - Flame Tongue                   Conjuration/Fire             1
   b - Cause Fear                     Hexes                        4
   c - Bolt of Fire                   Conjuration/Fire             6
   d - Dragon Form                    Transmutation                7
   e - Dragon's Call                  Summoning                    9
Comestibles
 f - 3 bread rations
 h - 6 meat rations
 i - 3 beef jerkies
 j - 2 slices of pizza
 l - 5 fruits
 E - a royal jelly


   Skills:
 + Level 4.2 Fighting
 + Level 9.6 Axes
 + Level 4.2 Armour
 + Level 4.5 Shields


You had 7 spell levels left.
You didn't know any spells.

Dungeon Overview and Level Annotations

Branches:
Dungeon (6/15)
 Temple: D:4-7

Altars:
Elyvilon
Kikubaaqudgha
Pakellas
Qazlal
Ru
Yredelemnul
The Shining One

Annotations:
D:4 Duraxyll's ghost, novice MfBe
D:5 Inkary's ghost, novice FoFi


Innate Abilities, Weirdness & Mutations

You are under a permanent stasis effect.
You can dig through walls and to a lower floor.
Your four strong arms can wield two-handed weapons with a shield.
You have a pair of large antennae on your head (SInv).


Message History

The orc priest hits your orc zombie but does no damage.
The orc priest hits your orc zombie with a hand axe.
The orc wizard points at you and mumbles some strange words.
The puff of flame hits your orc zombie.
Your orc zombie hits the orc priest but does no damage.
The orc priest miscasts a cantrip.
The orc wizard hits your orc zombie but does no damage.
Your orc zombie barely misses the orc priest.
Your orc zombie hits the orc priest but does no damage.
Something hits your orc zombie.
Your orc zombie is destroyed!
Something hits your orc zombie.
Your orc zombie hits something but does no damage.
The orc wizard gestures at you while chanting.
The magic dart hits you!
* * * LOW HITPOINT WARNING * * *
The orc priest invokes the aid of Beogh against you.
Beogh smites you!
You die...
Your body rises from the dead as a mindless zombie.

#..............)).######...##
#...........Z##)..##.......##
#...##..###o.##...##.......#.
#...###'###.o##............#.
##..##.Z.#.................##
##..##...#.................##
#........#...................
#........#...#######........>
##..##...#..@##...##.......##
##..##...##..##...'...Z....##
#...#######..##...#..........
#.........#...)...#..........
##..##....#<.##...##..##(....
#####....#..##...##..##.....
#.....+..#.....#...#.....
##...##..##....#...#Z....
##########...##..##Z....


You could see an orc priest, an orc wizard (invisible) and a friendly orc
zombie.

Vanquished Creatures
  Eustachio (D:3)
  Menkaure (D:4)
  An ice beast (D:5)
  An orc warrior (D:6)
  A giant frog (D:4)
  A scorpion (D:3)
  A howler monkey (D:3)
  2 crimson imps
  A quasit (D:5)
  2 orc wizards
  An orc priest (D:6)
  A centaur skeleton (D:5)
  4 hounds
  4 worker ants
  A howler monkey zombie (D:5)
  Robin (D:4)
  6 gnolls
  3 adders
  3 shadow imps
  An adder zombie (D:4)
  An adder skeleton (D:5)
  4 worms
  4 dart slugs
  6 giant geckos
  15 orcs
  2 ball pythons
  3 giant cockroaches
  15 goblins
  15 hobgoblins
  13 jackals
  5 bats
  A giant gecko zombie (D:5)
  6 giant newts
  A jackal zombie (D:5)
  9 kobolds
  A quokka skeleton (D:4)
  8 rats
146 creatures vanquished.

Vanquished Creatures (collateral kills)
  A crimson imp (D:6)
  A hound (D:6)
  A worker ant (D:6)
3 creatures vanquished.

Vanquished Creatures (others)
  A jackal zombie (D:6)
  3 orc zombies (D:6)
4 creatures vanquished.

Grand Total: 153 creatures vanquished

Notes
Turn   | Place    | Note
--------------------------------------------------------------
     0 | D:1      | Inkary the Formicid Fighter began the quest for the Orb.
     0 | D:1      | Reached XP level 1. HP: 18/18 MP: 1/1
   180 | D:1      | Reached XP level 2. HP: 19/24 MP: 2/2
   743 | D:1      | Reached skill level 3 in Axes
   819 | D:2      | Found an ancient bone altar of Kikubaaqudgha.
   832 | D:2      | Reached XP level 3. HP: 28/29 MP: 3/3
  1400 | D:2      | Reached XP level 4. HP: 35/35 MP: 4/4
  1419 | D:2      | Reached skill level 4 in Axes
  1582 | D:2      | Found an oddly glowing altar of Pakellas.
  1636 | D:3      | Reached XP level 5. HP: 41/41 MP: 5/5
  1842 | D:3      | Reached skill level 5 in Axes
  2103 | D:3      | Found a sacrificial altar of Ru.
  2654 | D:4      | Noticed Duraxyll's ghost (novice MfBe)
  2899 | D:3      | Reached skill level 6 in Axes
  2899 | D:3      | Reached XP level 6. HP: 39/47 MP: 6/6
  2975 | D:4      | Noticed Robin
  2990 | D:4      | Killed Robin
  3088 | D:4      | Found a white marble altar of Elyvilon.
  3427 | D:4      | Noticed Menkaure
  3436 | D:4      | Killed Menkaure
  3436 | D:4      | Reached skill level 7 in Axes
  3436 | D:4      | Reached XP level 7. HP: 17/52 MP: 7/7
  3769 | D:4      | Found a basalt altar of Yredelemnul.
  3772 | D:4      | Noticed a profane servitor
  3781 | D:4      | Found a glowing golden altar of the Shining One.
  3783 | D:4      | Noticed an angel
  3800 | D:4      | Became a worshipper of Yredelemnul the Dark
  4014 | D:4      | Noticed Eustachio
  4078 | D:3      | Killed Eustachio
  4078 | D:3      | Reached skill level 8 in Axes
  4497 | D:5      | Entered Level 5 of the Dungeon
  4515 | D:4      | Reached XP level 8. HP: 5/58 MP: 8/8
  5083 | D:5      | Noticed Inkary's ghost (novice FoFi)
  5379 | D:5      | Found an oddly glowing altar of Pakellas.
  5423 | D:5      | Reached skill level 9 in Axes
  5793 | D:4      | Reached * piety under Yredelemnul
  6913 | D:6      | Found a stormy altar of Qazlal.
  7098 | D:6      | Killed from afar by an orc priest

Skill      XL: |  1  2  3  4  5  6  7  8 |
---------------+-------------------------+-----
Axes           | 3 4 6 7 8 9 |  9.6
Shields        | 4 |  4.5
Fighting       | 4 |  4.2
Armour         | 4 |  4.2

Action                   |  1- 3 |  4- 6 |  7- 9 || total
-------------------------+-------+-------+-------++-------
Melee: War axe           |   108 |   167 |   308 ||   583
Invok: Animate Remains   |       |       |     5 ||     5
  Use: Potion            |       |     2 |       ||     2
 Stab: Paralysed         |       |     1 |       ||     1
       Distracted        |       |       |     1 ||     1
  Eat: Chunk             |     2 |     6 |    12 ||    20
       Fruit             |       |       |     1 ||     1
Armor: Scale mail        |    47 |    80 |   124 ||   251
Dodge: Dodged            |    39 |    64 |   113 ||   216
Block: Shield            |    53 |    88 |   169 ||   310
